 Dungeon Crawl Stone Soup version 0.30.1-4-g462c640d31 (webtiles) character file.

Game seed: 13421071901069674109

224 rvierbuc the Conjurer (level 5, -1/39 HPs)
             Began as a Demigod Conjurer on Aug 20, 2023.
             Slain by an iguana (12 damage)
             ... on level 4 of the Dungeon.
             The game lasted 00:20:46 (2986 turns).

rvierbuc the Conjurer (Demigod Conjurer)            Turns: 2986, Time: 00:20:49

Health: -1/39      AC:  3    Str:  8    XL:     5   Next: 40%
Magic:  0/11       EV: 11    Int: 24    God:
Gold:   130        SH:  5    Dex: 12    Spells: 5/8 levels left

rFire   x . .        x - +2 dagger (drain)
rCold   + . .        m - +2 buckler
rNeg    . . .        q - +1 robe of Wacup {Rampage rElec}
rPois   .            (no helmet)
rElec   +            (no cloak)
rCorr   .            (no gloves)
SInv    .            (no boots)
Will    .....        (no amulet)
Stlth   ++           u - ring of ice
HPRegen 0.26/turn    (no ring)
MPRegen 0.12/turn

%: rampage
@: no status effects
A: high MP 1, forlorn, divine attributes
a: no special abilities


You were on level 4 of the Dungeon.
You visited 1 branch of the dungeon, and saw 4 of its levels.

You collected 130 gold pieces.

Inventory:

Hand Weapons
 f - a +0 spear
 p - a +0 hand axe
 t - a +0 whip
 x - a +2 dagger of draining (weapon)
 z - a +0 sling
Missiles
 A - 9 stones
Armour
 a - a +0 robe
 g - a +0 leather armour
 h - a +0 ring mail
 m - a +2 buckler (worn)
 q - the +1 robe of Wacup (worn) {Rampage rElec}
   (You found it on level 2 of the Dungeon)

   rElec:     It insulates you from electricity.
   Rampage:   It bestows one free step when moving towards enemies.
 v - a +0 ring mail
Jewellery
 u - a ring of ice (left hand)
Wands
 n - a wand of iceblast (7)
Scrolls
 c - a scroll of enchant armour {unknown}
 d - a scroll of enchant weapon {unknown}
 e - a scroll of immolation {unknown}
 i - 2 scrolls of amnesia {unknown}
 o - a scroll of fear {unknown}
 r - a scroll of magic mapping {unknown}
 s - 2 scrolls of identify {unknown}
 w - a scroll of teleportation {unknown}
 y - a scroll of noise {unknown}
Potions
 b - 2 potions of magic
 j - a potion of attraction {unknown}
 k - a potion of mutation {unknown}
 l - a potion of heal wounds {unknown}
 B - a potion of berserk rage {unknown}


   Skills:
 + Level 0.6 Fighting
 + Level 1.0 Polearms
 + Level 0.5 Ranged Weapons
 + Level 1.5 Armour
 + Level 2.7 Dodging
 + Level 2.1 Stealth
 + Level 1.2 Shields
 + Level 2.4 Spellcasting
 + Level 4.5 Conjurations


You had 5 spell levels left.
You knew the following spells:

 Your Spells              Type           Power      Damage    Failure   Level
a - Magic Dart            Conj           96%        1d7       2%          1
b - Searing Ray           Conj           48%        2d6       4%          2

Your spell library contained the following spells:

 Spells                   Type           Power      Damage    Failure   Level
 Dazzling Flash           Conj/Hex       26%        N/A       22%         3
 Gell's Gravitas          Tloc           2%         N/A       47%         3
 Teleport Other           Tloc           2%         N/A       47%         3
 Fulminant Prism          Conj/Hex       6%         3d7       56%         4
 Iskenderun's Mystic Bla  Conj/Tloc      13%        2d5       56%         4
 Dispersal                Tloc           1%         N/A       100%        6


Dungeon Overview and Level Annotations

Branches:
Dungeon (4/15)
 Temple: D:4-7


Innate Abilities, Weirdness & Mutations

You have an increased reservoir of magic. (+10% MP)
You shall have no god before yourself.
Your divine heritage dramatically boosts your attributes as you level up.


Message History

Press: ? - help, Shift-Dir - straight line, f/p - iguana
Aim: an iguana (moderately wounded, 82% to hit)
The searing ray hits the iguana.
The iguana is heavily wounded. (Press . to maintain the ray.)
The iguana misses you.
You sense an unholy aura.
x - a +2 dagger of draining (weapon)
The iguana closely misses you.
You hit the iguana.
The iguana is severely wounded.
The iguana misses you.
You hit the iguana but do no damage.
The iguana is severely wounded.
The iguana closely misses you.
You closely miss the iguana.
The iguana is severely wounded.
You block the iguana's attack.
You hit the iguana but do no damage.
The iguana is severely wounded.
The iguana bites you!
You barely miss the iguana.
The iguana is severely wounded.
The iguana bites you.
You closely miss the iguana.
The iguana is severely wounded.
You block the iguana's attack.
You closely miss the iguana.
The iguana is severely wounded.
The iguana bites you!
* * * LOW HITPOINT WARNING * * *
Casting: Searing Ray (safe; 4% risk of failure)
Confirm with . or Enter, or press ? or * to list all spells.
Aiming: Magic Dart (safe; 2% risk of failure)
Press: ? - help, Shift-Dir - straight line, f/p - iguana
Aim: an iguana (severely wounded, 100% to hit)
The magic dart hits the iguana but does no damage.
The iguana is severely wounded.
The iguana bites you!
You die...

......!
.......
#####.......
#...........
#...!.......
#...........
#..........
#.@l..†...
####...###
.## .. .. .#
#


You could see an iguana.

Vanquished Creatures
  A water moccasin (D:3)
  3 adders
  A gnoll (D:2)
  A worm (D:2)
  3 dart slugs
  3 orcs (D:3)
  8 ball pythons
  5 bats (D:1)
  12 endoplasms
  2 giant cockroaches (D:1)
  3 hobgoblins
  5 kobolds
  2 quokkas
  5 frilled lizards
  6 goblins
  7 rats
67 creatures vanquished.

Notes
Turn   | Place    | Note
-------+----------+-------------------------------------------
     0 | D:1      | rvierbuc the Demigod Conjurer began the quest for the Orb.
     0 | D:1      | Reached XP level 1. HP: 14/14 MP: 5/5
   227 | D:1      | Reached skill level 4 in Conjurations
   388 | D:1      | Reached XP level 2. HP: 20/20 MP: 4/7
   992 | D:1      | Reached XP level 3. HP: 19/26 MP: 3/8
  1416 | D:2      | Identified the +1 robe of Wacup {Rampage rElec}
  1889 | D:3      | Reached XP level 4. HP: 33/33 MP: 3/10
  1940 | D:3      | Noticed a water moccasin
  1957 | D:3      | Killed a water moccasin
  1958 | D:3      | Reached skill level 1 in Polearms
  1958 | D:3      | Reached skill level 1 in Armour
  1958 | D:3      | Reached skill level 1 in Shields
  1958 | D:3      | Reached XP level 5. HP: 7/39 MP: 4/11
  1971 | D:2      | Learned a level 2 spell: Searing Ray
  2986 | D:4      | Slain by an iguana

Illustrated notes

Levels and vault maps discovered:
D:1:      wander_arrival_peaceful_grave, layout_basic
D:2:      layout_rooms, nicolae_kite_square_tiling_tiny, st_stairs_1
D:3:      layout_loops_ring, gammafunk_temple_overflow_forgotten,
          mainiacjoe_overflow_cross_hatched, chequers_ecumenical_altar_island,
          minmay_misc_feat_encased, minmay_misc_feat_rugged, minivault_14
D:4:      layout_rooms, nicolae_vehumet_radiance, ebering_ghost_gozag,
          uniq_sigmund, uniq_duvessa

Skill      XL: |  1  2  3  4 |
---------------+-------------+-----
Conjurations   | 4 |  4.5
Spellcasting   | 2 |  2.4
Dodging        | 2 |  2.7
Polearms       | 1 |  1.0
Armour         | 1 |  1.5
Stealth        | 2 |  2.1
Shields        | 1 |  1.2
Fighting       | |  0.6
Ranged Weapons | |  0.5

Action                     |  1- 3 |  4- 6 || total
---------------------------+-------+-------++-------
  Melee: Unarmed           |    24 |       ||    24
         Spear             |    55 |    19 ||    74
         Dagger            |       |     7 ||     7
   Fire: Sling             |       |    52 ||    52
   Cast: Magic Dart        |    66 |    26 ||    92
         Searing Ray       |       |    11 ||    11
  Evoke: Wand              |       |     1 ||     1
    Use: Potion            |     1 |       ||     1
   Stab: Sleeping          |     1 |       ||     1
 Armour: Robe              |    19 |    15 ||    34
         Leather armour    |    14 |       ||    14
  Dodge: Dodged            |    67 |    30 ||    97
  Block: Buckler           |     6 |    16 ||    22
